Cogmind - Beta 16 @@@ ROGUE MODE // 2025.10.23 @ 08:43:50 Player: lepire Result: Destroyed by as-25564 with Assembled Blade Performance ------------- Evolutions (0) 0 Regions Visited (2) 400 Robots Destroyed (36) 180 Value Destroyed (482) 482 Prototype IDs (3) 60 Alien Tech Used (0) 0 Bonus (0) 0 TOTAL SCORE: 1122 Bonus ------- None Cogmind --------- Core Integrity 0/250 Matter 284/300 Energy 250/250 System Corruption 3% Temperature Cool (0) Movement Treading (240) Ox1 Location -10/Mines Parts ------- > --- POWER (1) -------- Ion Engine > --- PROPULSION (2) --- Light Treads Compact Wheel > --- UTILITY (2) ------ Large Storage Unit Seismic Detector > --- WEAPON (2) ------- Light Cannon Light Cannon > --- INVENTORY (15) --- Light Treads Improved Heat Sink Medium Storage Unit Medium Matter Pod (100) Visual Processing Unit Reactive Plating System Shield Assault Rifle Light Cannon Light Cannon Missile Launcher Datajack Mining Laser Peak State ------------ > --- POWER ------------ Light Ion Engine > --- PROPULSION ------- Light Treads Compact Wheel > --- UTILITY ---------- Large Storage Unit Seismic Detector > --- WEAPON ----------- Light Cannon Missile Launcher > --- INVENTORY -------- Ion Engine Light Treads Improved Heat Sink Medium Storage Unit Medium Matter Pod Visual Processing Unit Reactive Plating System Shield Small Laser Light Cannon Light Cannon Light Cannon Datajack [Rating: 11] Favorites ----------- Power Light Ion Engine Engine Light Ion Engine Propulsion Compact Wheel Treads Light Treads Leg Aluminum Leg Wheel Compact Wheel Utility Seismic Detector Device Seismic Detector Storage Large Storage Unit Weapon Light Cannon Energy Gun Small Laser Ballistic Gun Light Assault Rifle Ballistic Cannon Light Cannon Launcher Missile Launcher Build | -11 -10 -10 ------- Run | Yrd Mat Min Slots Evolved . | . . . Power . | . . . Propulsion . | . . . Utility . | . . . Weapon . | . . . Parts Attached 20 | 3 12 5 Power 4 | . 2 2 Engine 4 | . 2 2 Core . | . . . Reactor . | . . . Propulsion 4 | 2 1 1 Treads 1 | 1 . . Leg . | . . . Wheel 3 | 1 1 1 Hover . | . . . Flight . | . . . Utility 4 | 1 3 . Device 2 | 1 1 . Storage 2 | . 2 . Processor . | . . . Hackware . | . . . Protection . | . . . Artifact . | . . . Weapon 8 | . 6 2 Energy Gun 2 | . 2 . Energy Cannon . | . . . Ballistic Gun . | . . . Ballistic Cannon 4 | . 4 . Launcher 2 | . . 2 Special Weapon . | . . . Impact Weapon . | . . . Slashing Weapon . | . . . Piercing Weapon . | . . . Special Melee Weapon . | . . . Unidentified Prototypes . | . . . Parts Lost 3 | . 1 2 Power 2 | . 1 1 Propulsion 1 | . . 1 Utility . | . . . Weapon . | . . . Highest Loss Streak 1 | . 1 1 To Critical Strikes . | . . . Average Backups 11 | 4 10 14 Power . | 1 . . Propulsion 1 | 2 2 1 Utility 4 | . 4 6 Weapon 3 | 1 2 4 Tool/Special . | . . . Unused Backups 20 | 4 3 13 Power . | . . . Propulsion 4 | 4 . . Utility 8 | . 1 7 Weapon 6 | . 2 4 Tool/Special 2 | . . 2 Average Slot Usage (%) 99 | . 99 100 Engine 14 | . 14 14 Treads 13 | . 13 14 Wheel 14 | . 14 14 Device 13 | . 13 14 Storage 14 | . 14 14 Energy Gun 4 | . 6 . Ballistic Gun 1 | . 1 . Ballistic Cannon 22 | . 20 27 Peak Build Rating 11 | 7 9 11 Average Rating 8 | 6 7 8 On Entrance 7 | 6 7 8 Avg Prop Armor Cover (%) 9 | 3 9 11 Naked Turns . | . . . Heaviest Build 35 | 11 30 35 Greatest Support 20 | 20 20 16 Greatest Overweight (x) 2 | . 1 2 Average Overweight (x) . | . . 1 Largest Inventory Capacity 15 | 8 15 15 Average Capacity 12 | 8 12 15 Most Carried 15 | 6 15 15 Average Carried 11 | 4 10 13 Final Capacity 15 | 8 15 15 Final Carried 15 | 4 15 13 Class Distribution -------------------- 100% | Mutant Dominant Class ---------------- Mutant | -10/Materials Mutant | -10/Mines Resources | -11 -10 -10 ----------- Run | Yrd Mat Min Matter Collected 1135 | 243 489 403 Remotely . | . . . Salvage Created 911 | 141 572 198 Parts 55 | 13 36 6 Haulers Intercepted 2 | . 2 . Recyclers Shooed 3 | 1 1 1 Parts Field Recycled . | . . . Retrieved Matter . | . . . Parts Self-Destructed . | . . . Prevented . | . . . Parts Restored . | . . . Kills | -11 -10 -10 ------- Run | Yrd Mat Min Combat Hostiles Destroyed 25 | . 13 12 Guns 8 | . 8 . Cannons 15 | . 5 10 AOE 2 | . . 2 Classes Destroyed 10 | 2 7 1 Worker 3 | . 3 . Builder 1 | . 1 . Tunneler 5 | 5 . . Hauler 2 | . 2 . Recycler 4 | 1 2 1 Mechanic 1 | . 1 . Watcher 3 | . 3 . Swarmer 11 | . 9 2 Grunt 6 | . 4 2 Assembled 8 | . . 8 Best Kill Streak 7 | 4 7 4 Combat Bots Only 6 | . 6 4 Max Kills in Single Turn 2 | 1 1 2 Gunslinging . | . . . Exploded 2 | . . 2 Melee . | . . . Uniques/NPCs Destroyed . | . . . Combat | -11 -10 -10 -------- Run | Yrd Mat Min Hostile Shots Fired 109 | . 71 38 Missed 27 | . 17 10 Hits 82 | . 54 28 Melee 1 | . . 1 Projectile 81 | . 54 27 Critical Strikes 2 | . 1 1 Damage Taken 1099 | . 672 427 Core 253 | . 138 115 Absorbed by Shields . | . . . Regen/Repaired (Parts) 119 | . 119 . Core Remaining (%) 100 | 100 . . Volleys Fired 119 | 13 73 33 Largest 2 | 2 2 2 Hottest 105 | 60 105 60 Shots Fired 234 | 26 145 63 Gun 96 | 26 70 . Cannon 135 | . 75 60 Launcher 3 | . . 3 Special . | . . . Kinetic 163 | 13 90 60 Thermal 68 | 13 55 . Explosive 3 | . . 3 Electromagnetic . | . . . Robot Hit Streak 12 | 8 12 11 Robot Miss Streak 7 | 3 7 4 Penetration Max . | . . . Secondary Targets . | . . . Shots Hit Robots 126 | 16 76 34 Core Hits 51 | 8 28 15 Critical Kills 1 | . 1 . Critical Parts Destroyed . | . . . Critical Strikes 5 | . 3 2 Burn 1 | . 1 . Destroy 1 | . 1 . Blast 3 | . 1 2 Melee Attacks . | . . . Impact . | . . . Slashing . | . . . Piercing . | . . . Sneak Attacks . | . . . Combat Hostiles . | . . . Follow-up Attacks . | . . . Damage Inflicted 1966 | 164 1110 692 Guns 583 | 164 419 . Cannons 1286 | . 691 595 Explosions 90 | . . 90 Melee . | . . . Ramming 7 | . . 7 Kinetic 1430 | 53 782 595 Thermal 439 | 111 328 . Explosive 90 | . . 90 Electromagnetic . | . . . Impact . | . . . Slashing . | . . . Piercing . | . . . Highest Corruption 3 | . 3 3 Average Corruption 2 | . 2 3 Corruption Purged . | . . . Corruption Blocked . | . . . Effects 29 | . 19 10 Message Errors 8 | . 6 2 Matter Fused 7 | . 4 3 Heat Flow Errors 1 | . . 1 Energy Discharges 5 | . 3 2 Data Loss (minor) 4 | . 2 2 Data Loss (major) 3 | . 3 . Misfires 1 | . 1 . Overload Shots . | . . . Overflow Damage 31 | . 25 6 Projectiles 31 | . 25 6 Explosions . | . . . Melee . | . . . Knockbacks 24 | . 16 8 Impact . | . . . Kinetic 22 | . 14 8 Secondary 2 | . 2 . Self-Inflicted Damage 28 | . . 28 Shots 1 | . . 1 Rammed 1 | . . 1 Targets Rammed 1 | . . 1 Kicked . | . . . Crushed . | . . . Highest Temperature 270 | 60 270 214 Average Temperature 72 | 24 86 61 Received Heat Transfer 346 | . 150 196 Siege Activations . | . . . Martial Activations . | . . . Shielding Activations . | . . . Robots Disrupted . | . . . Combat Hostiles . | . . . Robots Corrupted . | . . . Combat Hostiles . | . . . Parts Fried 1 | . 1 . Impact Corruptions . | . . . Robots Melted . | . . . Combat Hostiles . | . . . Parts Melted . | . . . Heat Transferred 1069 | 250 819 . Parts Sabotaged . | . . . Parts Stolen . | . . . Parts Stripped . | . . . Power Chain Reactions . | . . . Alert | -11 -10 -10 ------- Run | Yrd Mat Min Maximum Alert Level . | . . . Low Security (%) 100 | 100 100 100 Level 1 . | . . . Level 2 . | . . . Level 3 . | . . . Level 4 . | . . . Level 5 . | . . . High Security . | . . . Max Security . | . . . Peak Influence 151 | 10 151 50 Initial 19 | . . 19 Average 33 | 2 47 8 Influence Increases 645 | 30 486 129 Destroy 0b10 Robot/C 340 | . 260 80 Destroy 0b10 Robot/NC 95 | 30 60 5 Destroy Leader 80 | . 60 20 Successful Hack 27 | . 27 . Select Force Hacks 30 | . 30 . Disable Machine 15 | . 15 . Destroy Structure 28 | . 4 24 Lose Combat Pursuer 30 | . 30 . Influence Decreases 645 | 30 435 180 Entered New Map 32 | . . 32 Time Decay 593 | 30 435 128 Lost Part 10 | . . 10 Lost Ally 10 | . . 10 Squads Dispatched 2 | . 1 1 Investigation 2 | . 1 1 Extermination . | . . . Reinforcement . | . . . Assault . | . . . Garrison . | . . . Intercept . | . . . Searches Triggered . | . . . Construction Impeded . | . . . Haulers Reinforced . | . . . Active Scanning Responses . | . . . Cargo Convoy Interrupts . | . . . Stealth | -11 -10 -10 --------- Run | Yrd Mat Min Distress Signals 2 | . 1 1 Communications Jammed . | . . . Distress Signals . | . . . Times Spotted 40 | . 28 12 Peak Tracking Total 5 | . 4 5 Tactical Retreats 2 | . 1 1 Traps | -11 -10 -10 ------- Run | Yrd Mat Min Traps Triggered 4 | . 4 . Indirectly . | . . . Trap Hack Attempts . | . . . Triggered . | . . . Disarmed . | . . . Reprogrammed . | . . . Reused . | . . . Traps Extracted . | . . . Installed . | . . . Triggered . | . . . Machines | -11 -10 -10 ---------- Run | Yrd Mat Min Machines Disabled 1 | . 1 . Max in Single Turn 1 | . 1 . Machines Repaired . | . . . Machines Dismantled . | . . . Machines Sabotaged . | . . . Overloaded Fab Kills . | . . . Hacking | -11 -10 -10 --------- Run | Yrd Mat Min Machines Accessed 10 | . 9 1 Terminals 6 | . 6 . Fabricators . | . . . Repair Stations 1 | . 1 . Recycling Units 2 | . 2 . Scanalyzers . | . . . Garrison Access . | . . . Total Hacks 23 | . 22 1 Successful 11 | . 10 1 Failed 12 | . 12 . Catastrophic 3 | . 3 . Database Lockouts . | . . . Manual 10 | . 10 . Terminals 17 | . 17 . Fabricators . | . . . Repair Stations 2 | . 2 . Recycling Units 3 | . 3 . Scanalyzers . | . . . Garrison Access . | . . . Terminal Hacks 6 | . 5 1 Prototype ID Bank 2 | . 2 . Open Door 1 | . . 1 Locate Traps 1 | . 1 . Zone Layout 2 | . 2 . Fabricator Hacks . | . . . Repair Station Hacks 2 | . 2 . Scan Component 1 | . 1 . Repair 1 | . 1 . Recycling Unit Hacks 1 | . 1 . Report Inventory 1 | . 1 . Scanalyzer . | . . . Garrison Access Hacks . | . . . Unauthorized Hacks 2 | . 2 . Terminals 1 | . 1 . Assimilate 1 | . 1 . Fabricators . | . . . Repair Stations . | . . . Recycling Units 1 | . 1 . Tunnel 1 | . 1 . Scanalyzers . | . . . Garrison Access . | . . . Data Cores Recovered . | . . . Used . | . . . Hacking Detections 7 | . 7 . Full Trace Events 2 | . 2 . Feedback Events 1 | . 1 . Corruption 1 | . 1 . Feedback Blocked . | . . . Robot Schematics Acquired . | . . . Robots Built . | . . . Authchips . | . . . Time . | . . . Total Robot Build Rating . | . . . Part Schematics Acquired . | . . . Parts Built . | . . . Authchips . | . . . Time . | . . . Total Part Build Rating . | . . . Part Studies Acquired . | . . . Parts Repaired 1 | . 1 . Time 26 | . 26 . Parts Recycled . | . . . Recycled Matter . | . . . Retrieved Matter . | . . . Retrieved Components . | . . . Parts Scanalyzed . | . . . Part Schematics Acquired . | . . . Parts Damaged . | . . . Bothacking | -11 -10 -10 ------------ Run | Yrd Mat Min Used RIF Installer . | . . . Robots Hacked . | . . . Non-combat . | . . . Combat . | . . . Robot Hacks Applied . | . . . Relay Couplers Released . | . . . Fabnet Peak Effective % . | . . . Robots Rewired . | . . . Allies Hacked . | . . . Hacks Repelled . | . . . Allies | -11 -10 -10 -------- Run | Yrd Mat Min Total Allies 1 | . 1 . Largest Group 1 | . 1 1 Highest-Rated Group 10 | . 10 10 Highest-Rated Ally 10 | . 10 10 Total Orders . | . . . Ally Attacks . | . . . Total Damage . | . . . Kills . | . . . Allies Corrupted . | . . . Allies Melted . | . . . Intel | -11 -10 -10 ------- Run | Yrd Mat Min Active Infowar (turns) 2360 | 116 1543 701 Seismic 2360 | 116 1543 701 Robot Analysis Total . | . . . Derelict Logs Recovered . | . . . Drone Launches . | . . . Drone Recoveries . | . . . Exploration | -11 -10 -10 ------------- Run | Yrd Mat Min Turns Passed 2427 | 150 1576 701 Spaces Moved 1589 | 68 1033 488 Core . | . . . Treads 281 | 68 213 . Legs . | . . . Wheels 1308 | . 820 488 Hover . | . . . Flight . | . . . Fastest Speed 115 | 160 115 115 Average Speed 123 | 160 124 115 Slowest Speed 240 | 160 240 130 Overloaded Moves . | . . . Propulsion Burnouts . | . . . Robots Hopped . | . . . Potential Cave-ins . | . . . Cave-ins Triggered . | . . . Exploration Rate (%) 56 | 3 98 69 Regions Visited 2 Branch Regions 1 Pre-discovered Areas 1 | . 1 . Known Exits Taken . | . . . Unknown Exits Taken 2 | 1 1 . Scrap Searched 1 | . . 1 Spaces Dug . | . . . Terrain Destroyed 36 | . . 36 Melee . | . . . Projectile . | . . . AOE 36 | . . 36 Terrain Rammed . | . . . Walls Destroyed . | . . . Machines Disabled . | . . . Actions | -11 -10 -10 --------- Run | Yrd Mat Min Total 1825 | 85 1178 562 Wait 59 | . 43 16 Move 1587 | 67 1032 488 Hop . | . . . Pick Up 18 | . 11 7 Fast Attach 2 | 1 1 . Attach 4 | . 2 2 Detach . | . . . Swap 19 | 2 10 7 Drop 16 | 2 6 8 Fire 119 | 13 73 33 Melee . | . . . Ram 1 | . . 1 Kick . | . . . Crush . | . . . Escape Stasis . | . . . Rewire . | . . . Trap . | . . . Miscellaneous . | . . . Route ------- -11/Scrapyard -10/Materials (discovered 6 exits: [*Mat x3] / *Min x2 / [*Sub]) -10/Mines History --------- Turn | Location | Event 14 | -11/Scrapyard | Discovered new exit (range 3) 151 | -11/Scrapyard | Entered Materials 307 | -10/Materials | Build established: Mutant 813 | -10/Materials | Discovered new exit (range 16) 828 | -10/Materials | Discovered new exit (range 7) 942 | -10/Materials | Discovered new exit (range 13) 1144 | -10/Materials | Discovered new exit (range 5) 1183 | -10/Materials | Discovered new exit (range 12) 1230 | -10/Materials | Repaired Lgt. Treads 1457 | -10/Materials | Discovered new exit (range 9) 1584 | -10/Materials | Core integrity fell below 50% 1727 | -10/Materials | Entered Mines 1727 | -10/Mines | Accompanied by 1 ally 1763 | -10/Mines | Assembled infested the area 1982 | -10/Mines | Received a Rocket Launcher from a helpful Derelict 2071 | -10/Mines | Met a Derelict shopkeep closing up shop 2207 | -10/Mines | Core integrity fell below 20% 2428 | -10/Mines | Destroyed by as-25564 with Assembled Blade Last Messages --------------- 02333_ Acquired 9 matter. 02337_ The unstable cave ceiling collapses. 02355_ System corrupted: Matter fused (-7). 02382_ The unstable cave ceiling collapses. 02388_ Acquired 18 matter. 02388_ U-05 Engineer builds a Wall. 02392_ U-05 Engineer lays Concrete. 02393_ Acquired 16 matter. 02394_ U-05 Engineer builds a Wall. 02394_ K-01 Serf collects debris. 02399_ U-05 Engineer builds a Wall. 02399_ K-01 Serf collects debris. 02403_ U-05 Engineer lays Concrete. 02403_ K-01 Serf collects debris. 02404_ U-05 Engineer builds a Wall. 02408_ K-01 Serf collects debris. 02418_ U-05 Engineer lays Concrete. 02419_ U-05 Engineer builds a Wall. 02422_ as-25564 sneak attacks. 02422_ R-06 Scavenger destroyed. Map ----- +----------------------------------------------------+ | | | | | | | ?????????????????????????????????????????????????? | | ??###????????????????????????????????????????????? | | ?# ##???????????????????????????????????????????? | | # #???????????????????????????????????????????? | | #???????????????????????????????????????????? | | #???????????????????????????????????????????? | | #????????????????????????????????????????????? | | #?????????????????????????????????????????????? | | ##?????????????????????????????????????????????? | | ################???????????????????????????????? | | #???????????????????????????????? | | ################ #???????????????????????????????? | | ???????????????# #???????????????????????????????? | | #??????????????# #???????????????????????????????? | | ##???????????### ##??????????????????????????????? | | #???????????# ##?????????????????????????????? | | ##??????????### # #?????????????????????????????? | | #??????????# #?????????????????????????????? | | ##?????????# #?????????????????????????????? | | #?????????# #????????????????#????????????? | | #?????????# ###????????????????=????????????? | | ##????????# #=###############=###!#???????????? | | ##???????# #|%=!==%u!@a=!!=%!%!%=%=!%*=%=????? | | ###?????###|###################%#???????????? | | ##????##*!##???????????????**=????????????? | | #????# =!!#???????????????!%|????????????? | | = ##???#% #########???????#!%????????????? | | #???#= % #???????#*#????????????? | | #???# ! #???????#=#????????????? | | ##??# ########## #???????#!#????????????? | | # ! ### #????????# ###?????#%#????????????? | | ##### #???????## ##????#%#????????????? | | ????## ##???????# ##???# #????????????? | | ?????# ##???###### #?###!####?????????? | | ?????# ##????# #?#%*[! #?????????? | | ?????# ##????# ##?#% =%! #?????????? | | ?????# ###### ####### ##??# % =%*#?????????? | | ###??## !% #?????#=#???# = #?????????? | | # #??# #############?#/#???# * [ #?????????? | | ### #??????# """ ##%##### #?????????? | | ##?????# """ !=! ##### ##?????????? | | """ #?????# """ ##### ##### #??????????? | | """ #### #????# ????# ##?????????? | | """ #??## #???# ?????####### ##????????? | | #???### #??# ???????????# #????????? | | ### #??????# #??####????????????# #????????? | | ??# #???????# #??????????????????## ##????????? | +----------------------------------------------------+ Best States ------------- Heat Dissipation 25 Energy Generation 10 Energy Capacity 250 Matter Stores 300 Matter Capacity 300 Sight Range 16 Terrain Scan Density 10 Evasion (%) 40 Recoil Reduction 1 Item Schematics ----------------- None Robot Schematics ------------------ None Fabricated ------------ Nothing Repaired ---------- Lgt. Treads | 15% | -10/Materials Studied --------- None Alien Tech Used ----------------- None Achievements -------------- Bumper Bots Challenges ------------ None Game ------ Seed SigixTrackerCompactor Manual? 0 Play Time 00:21:42 Cumulative 73.7 hours Start 2025.10.23 @ 08:25:26 End 2025.10.23 @ 08:43:50 Sessions 1 Manual Loads 0 Difficulty Rogue Special Mode None Game No. 91 Rogue 61 Adventurer 30 Explorer 0 Win Type - Total 0 Types 0/0/0/0/0/0/0/0/0/0 Lore% 39 Gallery% 38 Achievement% 20 Wizard Run 0 Options --------- Layout 1 ASCII 0 Keyboard 1 Movement Arrows Keybinds 0 Fullscreen 1 Font 24/Terminus Map View 50x35 Zoom Use 0% Tactical HUD 1 Map Filters NONE Filters NONE Steam 1 RUN: 0cc1ea7e-ecda-4a18-956f-47bf3868ec56